Cogmind - Beta 11 X6 @@@ ROGUE MODE // 2021.08.16 @ 21:45:05 Player: Vectis Result: Destroyed by D-53 Grenadier with Mini Grenade Launcher Performance ------------- Evolutions (0) 0 Regions Visited (2) 400 Robots Destroyed (24) 120 Value Destroyed (598) 598 Prototype IDs (2) 40 Alien Tech Used (0) 0 Bonus (0) 0 TOTAL SCORE: 1158 Bonus ------- None Cogmind --------- Core Integrity 0/250 Matter 293/300 Energy 278/280 System Corruption 0% Temperature Cool (0) Movement Rolling (130) Ox2 Location -10/Mines Parts ------- > --- POWER (1) -------- Cooled Ion Engine > --- PROPULSION (2) --- Compact Wheel Compact Wheel > --- UTILITY (2) ------ Huge Storage Unit > --- WEAPON (2) ------- Heavy Assault Rifle Heavy Assault Rifle > --- INVENTORY (25) --- Light Ion Engine Cooled Ion Engine Cooled Ion Engine Cooled Ion Engine Light Treads Light Treads Wheel Wheel Wheel Compact Wheel Small Storage Unit Medium Storage Unit High-capacity Storage Unit Experimental Sensor Array Hacking Suite Hacking Suite Improved EM Shotgun Improved EM Shotgun Improved EM Shotgun Medium Laser Medium Laser Medium Laser Heavy Assault Rifle Heavy Assault Rifle Datajack Peak State ------------ > --- POWER ------------ Cooled Ion Engine > --- PROPULSION ------- Compact Wheel Compact Wheel > --- UTILITY ---------- Heat Sink Huge Storage Unit > --- WEAPON ----------- Heavy Assault Rifle Heavy Assault Rifle > --- INVENTORY -------- Light Ion Engine Cooled Ion Engine Cooled Ion Engine Cooled Ion Engine Light Treads Light Treads Wheel Wheel Compact Wheel Small Storage Unit Medium Storage Unit High-capacity Storage Unit Experimental Sensor Array Hacking Suite Hacking Suite Improved EM Shotgun Improved EM Shotgun Improved EM Shotgun Medium Laser Medium Laser Medium Laser Heavy Assault Rifle Heavy Assault Rifle Datajack [Rating: 16] Favorites ----------- Power Ion Engine Engine Ion Engine Propulsion Light Treads Treads Light Treads Leg Aluminum Leg Wheel Compact Wheel Utility Huge Storage Unit Device Heat Sink Storage Huge Storage Unit Weapon Assault Rifle Energy Gun EM Pulse Gun Ballistic Gun Assault Rifle Build | -11 -10 -10 ------- Run | Scr Mat Min Slots Evolved . | . . . Power . | . . . Propulsion . | . . . Utility . | . . . Weapon . | . . . Parts Attached 12 | . 8 4 Power 1 | . 1 . Engine 1 | . 1 . Core . | . . . Reactor . | . . . Propulsion 6 | . 3 3 Treads 2 | . 2 . Leg . | . . . Wheel 4 | . 1 3 Hover . | . . . Flight . | . . . Utility 2 | . 2 . Device 1 | . 1 . Storage 1 | . 1 . Processor . | . . . Hackware . | . . . Protection . | . . . Artifact . | . . . Weapon 3 | . 2 1 Energy Gun 1 | . 1 . Energy Cannon . | . . . Ballistic Gun 2 | . 1 1 Ballistic Cannon . | . . . Launcher . | . . . Special Weapon . | . . . Impact Weapon . | . . . Slashing Weapon . | . . . Piercing Weapon . | . . . Special Melee Weapon . | . . . Unidentified Prototypes 2 | . 2 . Parts Lost 3 | . . 3 Power . | . . . Propulsion 1 | . . 1 Utility 1 | . . 1 Weapon 1 | . . 1 Highest Loss Streak 1 | . . 1 Average Slot Usage (%) 98 | . 98 99 Engine 14 | . 14 14 Treads 20 | . 27 4 Wheel 7 | . . 23 Device 13 | . 13 14 Storage 14 | . 14 14 Energy Gun 8 | . 12 . Ballistic Gun 19 | . 14 28 Naked Turns . | . . . Heaviest Build 95 | 14 94 95 Greatest Support 40 | 20 40 40 Greatest Overweight (x) 5 | . 2 5 Average Overweight (x) 2 | . 1 3 Largest Inventory Capacity 25 | . 25 25 Average Capacity 24 | . 24 25 Most Carried 25 | . 25 25 Average Carried 17 | . 14 23 Final Capacity 25 | 8 25 25 Final Carried 25 | 6 22 25 Class Distribution -------------------- 100% | Mutant Dominant Class ---------------- Mutant | -10/Materials Mutant | -10/Mines Resources | -11 -10 -10 ----------- Run | Scr Mat Min Matter Collected 625 | 200 160 265 Remotely . | . . . Salvage Created 764 | . 422 342 Parts 54 | . 28 26 Haulers Intercepted 1 | . 1 . Recyclers Shooed 3 | . 2 1 Parts Field Recycled . | . . . Retrieved Matter . | . . . Parts Self-Destructed . | . . . Prevented . | . . . Kills | -11 -10 -10 ------- Run | Scr Mat Min Combat Hostiles Destroyed 20 | . 11 9 Guns 19 | . 10 9 AOE 1 | . 1 . Classes Destroyed 9 | . 6 3 Worker 1 | . 1 . Tunneler 2 | . . 2 Hauler 1 | . 1 . Recycler 1 | . 1 . Operator 1 | . 1 . Swarmer 6 | . 6 . Grunt 11 | . 5 6 Demolisher 1 | . . 1 Assembled 2 | . . 2 Best Kill Streak 3 | . 3 2 Combat Bots Only 3 | . 3 2 Max Kills in Single Turn 2 | . 2 1 Gunslinging . | . . . Exploded 1 | . 1 . Melee . | . . . Uniques/NPCs Destroyed . | . . . Combat | -11 -10 -10 -------- Run | Scr Mat Min Damage Taken 853 | . 364 489 Core 257 | . 105 152 Absorbed by Shields . | . . . Core Remaining (%) 100 | 100 . . Volleys Fired 73 | . 42 31 Largest 2 | . 2 2 Hottest 60 | . 60 46 Shots Fired 145 | . 83 62 Gun 145 | . 83 62 Cannon . | . . . Launcher . | . . . Special . | . . . Kinetic 109 | . 47 62 Thermal . | . . . Explosive . | . . . Electromagnetic 36 | . 36 . Robot Hit Streak 7 | . 7 4 Robot Miss Streak 4 | . 4 3 Penetration Max . | . . . Secondary Targets 3 | . 1 2 Max Gunslinging Chain 1 | . 1 1 Shots Hit Robots 81 | . 45 36 Core Hits 39 | . 22 17 Critical Kills . | . . . Critical Parts Destroyed . | . . . Critical Strikes . | . . . Melee Attacks . | . . . Impact . | . . . Slashing . | . . . Piercing . | . . . Sneak Attacks . | . . . Combat Hostiles . | . . . Follow-up Attacks . | . . . Damage Inflicted 1319 | . 736 583 Guns 1121 | . 587 534 Cannons . | . . . Explosions 143 | . 143 . Melee . | . . . Ramming 55 | . 6 49 Kinetic 829 | . 295 534 Thermal . | . . . Explosive 143 | . 143 . Electromagnetic 292 | . 292 . Impact . | . . . Slashing . | . . . Piercing . | . . . Highest Corruption . | . . . Average Corruption . | . . . Corruption Purged . | . . . Overload Shots . | . . . Overflow Damage 10 | . . 10 Projectiles . | . . . Explosions . | . . . Melee 10 | . . 10 Knockbacks . | . . . Impact . | . . . Kinetic . | . . . Secondary . | . . . Self-Inflicted Damage 23 | . . 23 Shots . | . . . Rammed 6 | . 3 3 Targets Rammed 6 | . 3 3 Kicked . | . . . Crushed . | . . . Highest Temperature 15 | . . 15 Average Temperature 15 | . . 15 Received Heat Transfer 246 | . 114 132 Siege Activations . | . . . Robots Corrupted . | . . . Combat Hostiles . | . . . Parts Fried . | . . . Impact Corruptions 1 | . . 1 Robots Melted . | . . . Combat Hostiles . | . . . Parts Melted . | . . . Heat Transferred . | . . . Parts Sabotaged . | . . . Parts Stolen . | . . . Parts Stripped . | . . . Power Chain Reactions . | . . . Missiles Intercepted . | . . . Alert | -11 -10 -10 ------- Run | Scr Mat Min Peak Influence 190 | . 190 112 Initial 27 | . . 27 Average 51 | . 47 60 Maximum Alert Level . | . . . Low Security (%) 100 | . 100 100 Level 1 . | . . . Level 2 . | . . . Level 3 . | . . . Level 4 . | . . . Level 5 . | . . . High Security . | . . . Max Security . | . . . Squads Dispatched 1 | . 1 . Investigation . | . . . Extermination . | . . . Reinforcement 1 | . 1 . Assault . | . . . Garrison . | . . . Intercept . | . . . Construction Impeded . | . . . Haulers Reinforced . | . . . Active Scanning Responses . | . . . Cargo Convoy Interrupts . | . . . Stealth | -11 -10 -10 --------- Run | Scr Mat Min Distress Signals 3 | . 3 . Communications Jammed . | . . . Distress Signals . | . . . Times Spotted 33 | . 22 11 Peak Tracking Total 3 | . 3 2 Tactical Retreats 3 | . 2 1 Traps | -11 -10 -10 ------- Run | Scr Mat Min Traps Triggered . | . . . Indirectly . | . . . Trap Hack Attempts . | . . . Triggered . | . . . Disarmed . | . . . Reprogrammed . | . . . Reused . | . . . Traps Extracted . | . . . Installed . | . . . Triggered . | . . . Machines | -11 -10 -10 ---------- Run | Scr Mat Min Machines Disabled 2 | . 2 . Max in Single Turn 2 | . 2 . Machines Sabotaged . | . . . Garrisons Compromised . | . . . Overloaded Fab Kills . | . . . Fab Network Shutdowns . | . . . Hacking | -11 -10 -10 --------- Run | Scr Mat Min Machines Accessed 5 | . 5 . Terminals 5 | . 5 . Fabricators . | . . . Repair Stations . | . . . Recycling Units . | . . . Scanalyzers . | . . . Garrison Access . | . . . Total Hacks 13 | . 13 . Successful 10 | . 10 . Failed 2 | . 2 . Catastrophic 1 | . 1 . Database Lockouts 1 | . 1 . Manual 10 | . 10 . Terminals 13 | . 13 . Fabricators . | . . . Repair Stations . | . . . Recycling Units . | . . . Scanalyzers . | . . . Garrison Access . | . . . Terminal Hacks 5 | . 5 . Robot Analysis 1 | . 1 . Terminal Index 1 | . 1 . Unreport Threat 1 | . 1 . Locate Traps 2 | . 2 . Fabricator Hacks . | . . . Repair Station Hacks . | . . . Recycling Unit Hacks . | . . . Scanalyzer . | . . . Garrison Access Hacks . | . . . Unauthorized Hacks 5 | . 5 . Terminals 5 | . 5 . Track 2 | . 2 . Assimilate 1 | . 1 . Botnet 2 | . 2 . Fabricators . | . . . Repair Stations . | . . . Recycling Units . | . . . Scanalyzers . | . . . Garrison Access . | . . . Data Cores Recovered . | . . . Used . | . . . Hacking Detections 5 | . 5 . Full Trace Events . | . . . Feedback Events . | . . . Feedback Blocked . | . . . Robot Schematics Acquired . | . . . Robots Built . | . . . Matter . | . . . Time . | . . . Total Robot Build Rating . | . . . Part Schematics Acquired . | . . . Parts Built . | . . . Matter . | . . . Time . | . . . Total Part Build Rating . | . . . Parts Repaired . | . . . Time . | . . . Parts Recycled . | . . . Recycled Matter . | . . . Retrieved Matter . | . . . Retrieved Components . | . . . Parts Scanalyzed . | . . . Part Schematics Acquired . | . . . Parts Damaged . | . . . Bothacking | -11 -10 -10 ------------ Run | Scr Mat Min Used RIF Installer . | . . . Robots Hacked . | . . . Non-combat . | . . . Combat . | . . . Robot Hacks Applied . | . . . Relay Couplers Released . | . . . Robots Rewired . | . . . Allies Hacked . | . . . Hacks Repelled . | . . . Allies | -11 -10 -10 -------- Run | Scr Mat Min Total Allies 4 | . 1 3 Largest Group 3 | . 1 3 Highest-Rated Group 40 | . 10 40 Highest-Rated Ally 16 | . 10 16 Total Orders 4 | . 2 2 STAY 3 | . 1 2 FOLLOW 1 | . 1 . Ally Attacks 1 | . . 1 Total Damage . | . . . Kills . | . . . Allies Corrupted . | . . . Allies Melted . | . . . Intel | -11 -10 -10 ------- Run | Scr Mat Min Robot Analysis Total 1 | . 1 . Derelict Logs Recovered 2 | . . 2 Drone Launches . | . . . Drone Recoveries . | . . . Exploration | -11 -10 -10 ------------- Run | Scr Mat Min Turns Passed 2175 | . 1444 731 Spaces Moved 714 | 1 347 366 Core . | . . . Treads 352 | . 343 9 Legs 5 | 1 4 . Wheels 357 | . . 357 Hover . | . . . Flight . | . . . Fastest Speed 120 | 120 120 130 Average Speed 254 | 120 357 157 Slowest Speed 360 | 120 360 360 Overloaded Moves . | . . . Propulsion Burnouts . | . . . Robots Hopped . | . . . Cave-ins Triggered . | . . . Exploration Rate (%) 31 | 1 40 53 Regions Visited 2 Branch Regions 1 Pre-discovered Areas 1 | . . 1 Known Exits Taken . | . . . Unknown Exits Taken 2 | 1 1 . Scrap Searched 1 | . . 1 Spaces Dug . | . . . Terrain Destroyed 9 | . 9 . Melee . | . . . Projectile . | . . . AOE 9 | . 9 . Terrain Rammed . | . . . Walls Destroyed . | . . . Machines Disabled . | . . . Actions | -11 -10 -10 --------- Run | Scr Mat Min Total 921 | . 464 457 Wait 83 | . 35 48 Move 712 | . 346 366 Hop . | . . . Pick Up 26 | . 21 5 Fast Attach 4 | . 4 . Attach 3 | . 1 2 Detach 1 | . 1 . Swap 5 | . 3 2 Drop 8 | . 8 . Fire 73 | . 42 31 Melee . | . . . Ram 3 | . . 3 Kick . | . . . Crush 3 | . 3 . Escape Stasis . | . . . Rewire . | . . . Trap . | . . . Miscellaneous . | . . . Route ------- -11/Scrapyard -10/Materials -10/Mines (discovered 2 exits: [*Mat x2]) History --------- Turn | Location | Event 1 | -11/Scrapyard | Discovered new exit (range 0) 1 | -11/Scrapyard | Entered Materials 300 | -10/Materials | Build established: Mutant 704 | -10/Materials | Discovered new exit (range 6) 747 | -10/Materials | Central database locked down 1445 | -10/Materials | Entered Mines 1445 | -10/Mines | Accompanied by 1 ally 1446 | -10/Mines | Assembled infested the area 1541 | -10/Mines | Core integrity fell below 50% 1608 | -10/Mines | Found a damaged Exp. Sensor Array with a note attached 1611 | -10/Mines | Found Prototype Device 1661 | -10/Mines | Discovered new exit (range 8) 1989 | -10/Mines | Learned location of Recycling (-9) 2034 | -10/Mines | Discovered new exit (range 5) 2043 | -10/Mines | Assisted by bots powering up and referring to "LRC-V3" 2092 | -10/Mines | Learned Materials garrison access intel 2174 | -10/Mines | Core integrity fell below 20% 2176 | -10/Mines | Destroyed by D-53 Grenadier with Mini Grenade Launcher Last Messages --------------- 02005_ Found Welding Torch. 02005_ Found Hcp. Matter Pod. 02005_ Found Hcp. Storage Unit. 02005_ Found 25 Matter. 02007_ Acquired 10 matter. 02009_ Acquired Hcp. Storage Unit. 02018_ T-07 Excavator destroyed. 02023_ Acquired Wheel. 02024_ Acquired 12 matter. 02026_ Acquired Wheel. 02034_ EXIT=FOUND 02043_ Trooper 1a: "Hello LRC-V3. What is your command?" 02043_ Mercenary 1a: "Hello LRC-V3. What is your command?" 02043_ Trooper 1b: "Hello LRC-V3. What is your command?" 02049_ Slammed into T-07 Excavator. 02092_ Acquired derelict log, extracted data. Data stored: Materials garrison access intel. 02174_ Heat Sink destroyed. 02174_ Trooper 1b destroyed. 02176_ D-53 Grenadier destroyed. Map ----- +----------------------------------------------------+ | | | | | | | | | | | | | | | ?????????????????????????????????????????????????? | | ??????????????#####???????????????#######????????? | | ?????????????## ##???????###### ##???????? | | ?????????????# #??????## #???????? | | ?????????????# """ ##?????# ????????? | | ##???????????# """ ####### """ ???????? | | ##??????????# """ """ #???????? | | ####???????# ######## """ ##????????? | | ##??????## ##??????## ## ##?????????? | | #???????# #????????# ##?# #??????????? | | ########## ##????????# #??? #??????????? | | ## #?????????# #???? #??????????? | | ######### ## #?????????# #???? ##??????????? | | ##???????# ## #????###### #?????##???????????? | | ##????????# ## #??### #??????????????????? | | #?????????# ## #??# gg ##??????????????????? | | #???####??# #??# #???????????????????? | | *#??## ##### #### = # ###??????????????? | | !%#??# #### < # @ ##?????????????? | | =#??# #?## u #?????????????? | | #### #??#### d #????????????? | | ## / ##?????## # r #???????????? | | ! [!= ##??????## # ###?? ?????????? | | = ####??????## ####?????? ??????????? | | # ####????#### #??????????# ??????????? | | ## ## #????# #??????????????????????? | | ?# ## ###??# ##??????????????????????? | | ?# # # k ## ##???????????????????????? | | ?# #?# ##### #?## #????????????????????????? | | ?# #?#%#???#####???# #????????????????????????? | | ?## #?# ###### ##???# #????????????????????????? | | ??## ##?# # *##### #????????????????????????? | | ???# #### # """ =!% ## ######???????????????????? | | ???# !%=""" ##=## #???????????????????? | | ???# ######[""" ##[####### #??#####????????????? | | ???#%#????# ## #?????# #??# #????????????? | | ???#=#????########## #?????# #??# #????????????? | | ???#=#?????????????# ###???#|#??# #????????????? | | ???#%#?????????????# #???# #?## ##???????????? | | ???#!#?????????????### #???#%#?# #???????????? | | ???#%#???????????????#|##### ### #???????????? | | ##?# #???????????????#!% ! % #???????????? | | ## #???????????????########### #???????????? | +----------------------------------------------------+ Best States ------------- Heat Dissipation 35 Energy Generation 14 Energy Capacity 280 Matter Stores 300 Matter Capacity 300 Sight Range 16 Terrain Scan Density 10 Evasion (%) 40 Recoil Reduction 2 Item Schematics ----------------- None Robot Schematics ------------------ None Fabricated ------------ Nothing Alien Tech Used ----------------- None Achievements -------------- None Challenges ------------ None Game ------ Seed ThiefDiametricKit Manual? 0 Play Time 00:11:21 Cumulative 279.9 hours Start 2021.08.16 @ 21:36:40 End 2021.08.16 @ 21:45:05 Sessions 1 Manual Loads 0 Difficulty Rogue Special Mode None Game No. 125 Rogue 125 Adventurer 0 Explorer 0 Win Type - Total 11 Types 9/0/0/1/0/1/0/0/0 Lore% 85 Gallery% 85 Achievement% 75 Wizard Run 0 Options --------- ASCII 1 Keyboard 0 Movement Numpad Keybinds 0 Fullscreen 1 Font 18/Smallcaps Map View 76x50 Tactical HUD 1 Map Filters NONE Filters NONE Steam 1 RUN: 69255eba-1b35-4c19-9dd6-0f769912ccf8